 Dungeon Crawl Stone Soup version 0.32-a0-918-g0f22ef8d61 (webtiles) character file.

Game seed: 4361427962897234262

25 smashvw the Trooper (level 3, -1/20 HPs)
             Began as a Vine Stalker Fighter on Apr 11, 2024.
             Slain by a kobold
             ... wielding a +1 dagger of electrocution
              (10 damage)
             ... on level 1 of the Dungeon.
             The game lasted 00:01:21 (428 turns).

smashvw the Trooper (Vine Stalker Fighter)           Turns: 428, Time: 00:01:22

Health: -1/20      AC:  7    Str: 20    XL:     3   Next: 4%
Magic:  0/4        EV:  8    Int:  8    God:
Gold:   18         SH:  4    Dex: 13    Spells: 2/2 levels left

rFire   . . .        a - +0 rapier
rCold   . . .        c - +0 buckler
rNeg    . . .        b - +0 scale mail
rPois   .            (no helmet)
rElec   .            (no cloak)
rCorr   .            (no gloves)
SInv    .            g - +0 pair of boots
Will    .....        (no amulet) Stlth
                     (no ring)
HPRegen 1.03/turn    (no ring)
MPRegen 0.09/turn

%: guardian spirit
@: no status effects
A: fangs 2, regeneration 1, magic shield, antimagic bite, no potion heal 2
a: no special abilities


You were on level 1 of the Dungeon.
You visited 1 branch of the dungeon, and saw 1 of its levels.

You collected 18 gold pieces.

Inventory:

Hand Weapons
 a - a +0 rapier (weapon)
Armour
 b - a +0 scale mail (worn)
 c - a +0 buckler (worn)
 g - a +0 pair of boots (worn)
Scrolls
 e - a scroll of teleportation {unknown}
Potions
 d - a potion of might
 f - 2 potions of invisibility {unknown}
 h - a potion of degeneration {unknown}


   Skills:
 + Level 3.1 Fighting
 + Level 2.2 Short Blades
 - Level 2.4 Armour
 + Level 3.1 Shields


You had 2 spell levels left.
You didn't know any spells.
Your spell library contained the following spells:

 Spells                   Type           Power      Damage    Failure   Level
 Static Discharge         Conj/Air       0%         3-3/arc   93%         2
 Airstrike                Air            0%         2d(0-16)  100%        4
 Summon Lightning Spire   Summ/Air       0%         N/A       100%        4


Dungeon Overview and Level Annotations

Branches:
Dungeon (1/15)

Altars:


Innate Abilities, Weirdness & Mutations

You have extremely sharp teeth.
Your natural rate of healing is unusually fast.
When hurt, damage is shared between your health and your magic reserves.
Your bite disrupts and absorbs the magic of your enemies.
Potions cannot restore your health.


Message History

You kill the bat!
No target in view!
No target in view!
A gnoll comes into view. It is wielding a +0 club.
Found a purple potion.
The gnoll shouts!
A gnoll is nearby!
You hit the gnoll. You bite the gnoll. You drain its power.
The gnoll is moderately wounded.
A bat comes into view.
The gnoll barely misses you.
You hit the gnoll but do no damage. You bite the gnoll. You drain its power.
The gnoll is severely wounded.
The gnoll closely misses you.
You barely miss the gnoll. Your bite misses the gnoll.
The gnoll is severely wounded.
The gnoll hits you with a +0 club. The bat hits you but does no damage.
You barely miss the gnoll. You bite the gnoll. You drain its power.
You feel invigorated.
The gnoll is almost dead.
The bat barely misses you. The gnoll hits you with a +0 club.
You hit the gnoll.
You kill the gnoll!
The bat hits you but does no damage.
Your Shields skill increases to level 3!
You have reached level 3!
Your experience leads to an increase in your attributes!
Increase (S)trength, (I)ntelligence, or (D)exterity?
You feel stronger. x2
You hit the bat. You bite the bat.
You kill the bat!
A kobold comes into view.
It is wielding a +1 dagger of electrocution.
A kobold is nearby!
A rat comes into view.
You closely miss the kobold. Your bite misses the kobold.
The kobold hits you but does no damage.
You are electrocuted!
Ouch! That really hurt!
The kobold hits you but does no damage.
You are electrocuted!
Ouch! That really hurt!
You die...

#........# #######
#........# ......#
#........# ##....#
#!.....$.# #....#
#........#
##....####........#
.........+........# .
###+######......$.##....
.......###......@K.r....
##...#...#....)........#
##...# #....###+##.....#
##...####...## ...!.#
.+....# #....##.# ....#
##....# #††.....# ....#
#....# #...###.. ...#
##....###...# . ..##
........'...+


You could see a kobold and a rat.

Vanquished Creatures
  A gnoll (D:1)
  A ball python (D:1)
  An endoplasm (D:1)
  2 hobgoblins (D:1)
  2 kobolds (D:1)
  A quokka (D:1)
  2 bats (D:1)
  2 frilled lizards (D:1)
  2 goblins (D:1)
  A rat (D:1)
15 creatures vanquished.

Notes
Turn   | Place    | Note
-------+----------+-------------------------------------------
     0 | D:1      | smashvw the Vine Stalker Fighter began the quest for the
                  | Orb.
     0 | D:1      | Reached XP level 1. HP: 11/11 MP: 2/2
   178 | D:1      | Reached XP level 2. HP: 16/16 MP: 3/3
   416 | D:1      | Reached XP level 3. HP: 15/20 MP: 2/4
   428 | D:1      | Slain by a kobold

Illustrated notes

Levels and vault maps discovered:
D:1:      dpeg_arrival_connections, layout_basic

Skill      XL: |  1  2 |
---------------+-------+-----
Short Blades   | 2 |  2.2
Fighting       | 3 |  3.1
Shields        | 3 |  3.1
Armour         | |  2.4

Action                     || total
---------------------------++-------
  Melee: Rapier            ||    46
         Bite              ||    12
 Armour: Scale mail        ||    27
  Dodge: Dodged            ||    18
  Block: Buckler           ||     6

Table legend: (Time is in decaauts)
 A = Elapsed time spent in this place.
 B = Non-inter-level travel time spent in this place.
 C = Inter-level travel time spent in this place.
 D = Time resting spent in this place.
 E = Time spent auto-exploring this place.
 F = Levels seen in this place.
 G = Mean time per level.
                   A        B        C        D        E       F      G
               +--------+--------+--------+--------+--------+-----+--------+
         Total |    434 |    434 |      0 |      0 |    320 |   1 |  434.0 |
       Dungeon |    434 |    434 |      0 |      0 |    320 |   1 |  434.0 |
               +--------+--------+--------+--------+--------+-----+--------+

Top non-repeatable levels by time:
     D:1: 434 daAuts
